 Dungeon Crawl Stone Soup version 0.20.0-10-g0535bb4 (webtiles) character file.

130158 eeldvark the Severer (level 16, -5/134 HPs)
             Began as a Demonspawn Wanderer on May 30, 2017.
             Was the Champion of Nemelex Xobeh.
             Killed from afar by an efreet (20 damage)
             ... with a fireball
             ... on level 2 of the Abyss on June 7, 2017.
             The game lasted 04:21:40 (30245 turns).

eeldvark the Severer (Demonspawn Wanderer)         Turns: 30245, Time: 04:21:44

Health: -5/134     AC: 33    Str: 22    XL:     16   Next: 52%
Magic:  23/23      EV: 16    Int: 15    God:    Nemelex Xobeh [******]
Gold:   2184       SH:  8    Dex: 19    Spells: 8/15 levels left

rFire    . . .     SeeInvis +   a - +3 war axe (flame)
rCold    + . .     Gourm    .   r - +0 buckler
rNeg     . . .     Faith    .   j - +4 chain mail
rPois    +         Spirit   .   (helmet unavailable)
rElec    .         Reflect  .   d - +2 cloak {rPois}
rCorr    .         Harm     .   B - +2 pair of gloves {Dex+3}
MR       +....                  k - +2 pair of boots {Stlth+}
Stlth    +.........             Y - amulet of regeneration
Regen    0.8/turn               E - +5 ring of protection
MPRegen  0.2/turn               G - +5 ring of evasion

@: mighty, about to teleport, very slightly contaminated
A: antennae 3, slimy green scales 2, agile 1, cold resistance 1, foul stench 2,
powered by pain 2, robust 1, wild magic 1, rot immunity, MP-powered wands
a: Triple Draw, Deal Four, Stack Five, Renounce Religion


You were on level 2 of the Abyss.
You worshipped Nemelex Xobeh.
Nemelex Xobeh was exalted by your worship.
You were not hungry.

You visited 5 branches of the dungeon, and saw 26 of its levels.
You visited the Abyss 1 time.
You also visited: Labyrinth, Ossuary, Bailey and Ice Cave.

You collected 2436 gold pieces.
You spent 252 gold pieces at shops.

Inventory:

Hand Weapons
 a - a +3 war axe of flaming (weapon)
 i - a +3 war axe of protection
 v - a +4 flail
 I - a +2 executioner's axe of flaming
 X - a +0 broad axe
Armour
 d - a +2 cloak of poison resistance (worn)
 j - a +4 chain mail (worn)
 k - a +2 pair of boots of stealth (worn)
 r - a +0 buckler (worn)
 B - a +2 pair of gloves of dexterity (worn)
 M - a +0 shield
 S - a scarf of resistance
Jewellery
 w - a +3 ring of evasion
 x - an uncursed ring of poison resistance
 A - an uncursed ring of protection from cold
 E - a +5 ring of protection (left hand)
 G - a +5 ring of evasion (right hand)
 T - an uncursed amulet of harm
 Y - an amulet of regeneration (around neck)
 Z - an uncursed ring of stealth
Wands
 R - a wand of paralysis (13/24)
Scrolls
 b - 10 scrolls of teleportation
 e - 5 scrolls of magic mapping
 n - 7 scrolls of enchant armour
 t - 3 scrolls of amnesia
 u - 2 scrolls of recharging
 O - 2 scrolls of identify
 P - 2 scrolls of fear
 W - 2 scrolls of remove curse
Potions
 c - 4 potions of haste
 l - 6 potions of curing
 p - 2 potions of cancellation
 C - 2 potions of agility
 D - 5 potions of might
 F - a potion of brilliance
 J - 7 potions of flight
Miscellaneous
 h - an ornate deck of escape
 m - an ornate deck of summoning
 s - a legendary deck of summoning {drawn: 3}
 y - an ornate deck of destruction {drawn: 1}
 z - an ornate deck of summoning {drawn: 1}
 H - an ornate deck of summoning
 K - an ornate deck of escape
 L - a legendary deck of destruction {drawn: 3}
 N - a legendary deck of escape {drawn: 1}
 V - an ornate deck of destruction
Comestibles
 f - 10 bread rations
 g - 12 royal jellies
 o - 14 meat rations


   Skills:
 - Level 10.0 Fighting
   Level 4.0 Short Blades
 - Level 15.8(16.0) Axes
 - Level 4.6(11.5) Maces & Flails
   Level 2.0(10.8) Polearms
 - Level 10.0 Armour
 - Level 5.1 Dodging
 - Level 3.0 Stealth
 * Level 12.0 Shields
 - Level 6.0 Charms
 - Level 6.0 Necromancy
 - Level 10.3 Invocations
 - Level 1.0 Evocations


You had 8 spell levels left.
You knew the following spells:

 Your Spells              Type           Power        Failure   Level  Hunger
a - Animate Skeleton      Necr           N/A          21%         1    ##.....
b - Infusion              Chrm           ###.         21%         1    ##.....
c - Song of Slaying       Chrm           ###.....     30%         2    ###....
d - Regeneration          Chrm/Necr      ###.......   47%         3    ####...


Dungeon Overview and Level Annotations

Branches:
Dungeon (15/15)            Temple (1/1) D:4            Lair (6/6) D:11
  Swamp (0/4) Lair:2       Spider (2/4) Lair:2        Slime (0/5) Lair:6
    Orc (2/2) D:10            Elf (0/3) Orc:2        Vaults (0/5) D:13
 Depths (0/5) D:15

Altars:
Ashenzari
Cheibriados
Dithmenos
Elyvilon
Fedhas
Gozag
Hepliaklqana
Kikubaaqudgha
Makhleb
Nemelex Xobeh
Okawaru
Qazlal
Ru
Sif Muna
Trog
Uskayaw
Vehumet
Xom
Yredelemnul
Zin
The Shining One
Beogh

Shops:
D:9 ?(   D:13 *   Orc:2 *[=(

Annotations:
D:10 asthiss's ghost, novice MiFi
Spider:2 Louise


Innate Abilities, Weirdness & Mutations

You have a pair of large antennae on your head. (SInv)
You are mostly covered in slimy green scales. (AC +3)
You frequently emit foul miasma when damaged in melee.
You sometimes gain power by taking damage.
You are immune to rotting.
You are agile. (Dex +2)
Your flesh is cold resistant. (rC+)
You are robust. (+10% HP)
Your spells are a little harder to cast, but a little more powerful.
You expend magic power (3 MP) to strengthen your wands.


Message History

Unknown command.
Okay, then.
Evoke which item? (* to show all) (? for menu, Esc to quit)
You draw a card...
It is the Cloud.
Clouds appear around you!
You swap places.
The raiju misses eeldvark's illusion.
Eeldvark's illusion closely misses the raiju.
The raiju bursts into living lightning!
The living lightning hits eeldvark's illusion.
The living lightning misses you.
The raiju blinks!
As you read the scroll of teleportation, it crumbles to dust.
You feel strangely unstable.
You feel the power of the Abyss delaying your translocation!
The efreet closely misses eeldvark's illusion.
The efreet gestures at you.
The fireball explodes!
The fireball engulfs eeldvark's illusion.
The fireball engulfs the efreet.
The efreet completely resists.
The fireball engulfs you!
You die...
Your body glows with a rainbow of weird colours and disappears.

### # ####.# ## #
.. ..#..### #
#..#. ...#.
....##..#.# ##
....###.#...#. ##
#. #. .h#....#† #
# . # .#......##..
..# #
#...##..#..#...{##
#..#@#.#####. X.##
# #.{#@#.# ..##
#...{R##.# {# . ..
#..h..#§#.# .#...
.. {#.. # ## . . .
....## #. #.# #
#.§ #


You could see an efreet, a raiju and the friendly eeldvark's illusion.

Vanquished Creatures
  An emperor scorpion (Spider:2)
  An orc warlord (Orc:2)
  An entropy weaver (Spider:1)
  Azrael (Spider:1)
  A spark wasp (Spider:2)
  A fire dragon (D:14)
  An ice dragon (D:13)
  2 catoblepae
  3 hydras
  6 centaur warriors
  6 two-headed ogres
  A tengu warrior (D:14)
  2 thrashing horrors (Abyss:2)
  A vampire mage (D:15)
  6 skeletal warriors
  An unseen horror (D:11)
  5 orc knights
  4 orb spiders
  3 wolf spiders
  2 ugly things (D:14)
  2 deep elf magi
  2 necromancers
  A shining eye (shapeshifter) (D:13)
  5 manticores
  An orc sorcerer (Orc:2)
  6 cyclopes
  A large abomination (Abyss:2)
  A starcursed mass (Abyss:2)
  4 black mambas
  6 elephants
  A water nymph (shapeshifter) (D:13)
  4 gargoyles
  2 smoke demons (Abyss:2)
  An apocalypse crab (Abyss:2)
  3 centaur skeletons
  6 spiny frogs
  2 ice statues (IceCv)
  4 kobold demonologists (D:12)
  A yaktaur zombie (D:15)
  5 demonic crawlers
  A hellwing (Abyss:2)
  3 rime drakes
  8 ice devils (IceCv)
  4 komodo dragons
  3 ancient zymes (Abyss:2)
  5 jumping spiders
  3 polar bears (Lair:6)
  A tengu conjurer (D:14)
  8 trolls
  A wind drake (shapeshifter) (D:15)
  7 slime creatures
  The ghost of Mlkhall the Ruffian, an amateur DrVM (D:3)
  5 hornets
  6 dream sheep (Lair:6)
  A fire dragon zombie (D:15)
  18 blink frogs
  12 hippogriffs
  A meliai zombie (D:13)
  Sigmund (D:6)
  9 tarantellas (Spider:1)
  24 redbacks
  A wraith (D:15)
  A spriggan (shapeshifter) (D:13)
  32 yaks
  14 spriggans
  3 wyverns
  A fire elemental (Spider:1)
  Grum (D:9)
  5 basilisks
  4 hogs (Lair:4)
  2 steam dragons
  5 hungry ghosts
  3 wargs
  An acid dragon (D:11)
  3 soldier ants
  14 water moccasins
  3 hell hounds (Spider:1)
  13 porcupines
  2 sky beasts
  5 black bears
  33 orc warriors
  2 ice beasts
  9 ogres
  5 phantoms
  An eye of draining (shapeshifter) (D:14)
  A necrophage (D:9)
  26 wolves
  4 boggarts (Lair:6)
  12 centaurs
  12 crocodiles
  3 big kobolds
  Blork the orc (D:6)
  4 elf zombies
  17 bullfrogs
  An earth elemental (Lab)
  A wyvern skeleton (D:8)
  5 scorpions
  A killer bee (D:8)
  15 wights
  5 howler monkeys
  14 centaur zombies
  6 crimson imps
  2 human zombies (Ossuary)
  A quasit (D:14)
  A draconian simulacrum (IceCv)
  6 hounds
  3 jellies
  15 orc priests
  Crazy Yiuf (D:3)
  18 orc wizards
  A bullfrog skeleton (D:9)
  4 iguanas
  10 worker ants
  Natasha (twice) (D:3)
  2 hell rats (Lair:4)
  A troll simulacrum (IceCv)
  A spriggan simulacrum (IceCv)
  2 centaur simulacra (IceCv)
  A hound skeleton (D:10)
  3 mummies (Ossuary)
  A worker ant zombie (D:9)
  10 gnolls
  A naga simulacrum (IceCv)
  6 river rats (Lair:4)
  10 adders
  4 ogre simulacra (IceCv)
  4 shadow imps
  An ooze (D:2)
  An adder skeleton (D:4)
  5 worms
  2 dart slugs
  8 leopard geckos
  87 orcs
  4 giant cockroaches
  35 goblins
  19 hobgoblins
  5 jackals
  7 quokkas
  7 bats
  5 frilled lizards
  19 kobolds
  9 rats
  3 fungi
  2 plants
849 creatures vanquished.

Vanquished Creatures (collateral kills)
  Kirke (Lair:4)
  The ghost of esteth the Severer, an adept MiBe of Trog (Spider:1)
  An orc warlord (Bailey)
  A minotaur (Lab)
  6 skeletal warriors
  3 orc knights
  An orc sorcerer (Orc:2)
  A deep elf mage (D:15)
  2 ugly things (D:14)
  2 trolls
  Grinder (D:6)
  2 hornets (Lair:6)
  A raiju (Abyss:2)
  A spriggan zombie (D:15)
  A spriggan (Lair:6)
  A fire elemental (Spider:1)
  3 hogs
  A soldier ant (D:9)
  A warg (Orc:2)
  2 hell hounds (Spider:1)
  5 orc warriors
  A sky beast (D:5)
  A centaur (Bailey)
  A big kobold (Bailey)
  2 wights (D:13)
  2 crimson imps
  A quasit (D:6)
  An orc priest (Orc:2)
  2 orc wizards
  2 oozes
  A leopard gecko (Bailey)
  11 orcs
  A giant cockroach (D:4)
  A goblin (Bailey)
  A jackal (Bailey)
  A quokka (D:4)
  A rat (Bailey)
68 creatures vanquished.

Vanquished Creatures (others)
  An orc high priest (Orc:2)
  An orc warrior (Orc:2)
  4 starcursed masses (Abyss:2)
  An orc wizard (D:7)
  A ball lightning (Abyss:2)
  2 orcs (D:7)
  3 fungi
  3 plants
  A withered plant (D:15)
17 creatures vanquished.

Grand Total: 934 creatures vanquished

Notes
Turn   | Place    | Note
-------+----------+-------------------------------------------
     0 | D:1      | eeldvark the Demonspawn Wanderer began the quest for the Orb.
     0 | D:1      | eeldvark set off with: a +2 spear, 2 scrolls of teleportation, a +0 robe, a +0 dagger, a bread ration
     0 | D:1      | Reached XP level 1. HP: 22/22 MP: 1/1
   216 | D:1      | Reached skill level 1 in Polearms
   239 | D:1      | Gained mutation: You are immune to rotting. [demonic ancestry]
   239 | D:1      | Reached XP level 2. HP: 27/28 MP: 2/2
   733 | D:1      | Gained mutation: You have a pair of small antennae on your head. [demonic ancestry]
   733 | D:1      | Reached XP level 3. HP: 34/34 MP: 3/3
   871 | D:2      | Reached skill level 1 in Short Blades
  1429 | D:2      | Gained mutation: You may emit foul miasma when damaged in melee. [demonic ancestry]
  1429 | D:2      | Reached XP level 4. HP: 35/40 MP: 4/4
  2044 | D:3      | Found a white marble altar of Elyvilon.
  2481 | D:4      | Gained mutation: You are partially covered in slimy green scales. (AC +2) [demonic ancestry]
  2481 | D:4      | Reached XP level 5. HP: 27/46 MP: 5/5
  2657 | D:4      | Found a staircase to the Ecumenical Temple.
  2716 | Temple   | Entered the Ecumenical Temple
  2734 | Temple   | Became a worshipper of Nemelex Xobeh the Trickster
  2814 | D:4      | Received a gift from Nemelex Xobeh
  2966 | D:4      | Reached skill level 1 in Invocations
  3206 | D:4      | Gained mutation: You are mostly covered in slimy green scales. (AC +3) [demonic ancestry]
  3206 | D:4      | Reached XP level 6. HP: 38/52 MP: 7/7
  3229 | D:4      | Found a shimmering altar of Xom.
  3232 | D:4      | Found an opulent altar of Gozag.
  3235 | D:4      | Found a hazy altar of Hepliaklqana.
  3238 | D:4      | Found a hide-covered altar of Uskayaw.
  3999 | D:3      | Noticed Mlkhall's ghost (amateur DrVM)
  4026 | D:3      | Killed Mlkhall's ghost
  4026 | D:3      | Reached skill level 1 in Axes
  4026 | D:3      | Reached XP level 7. HP: 29/58 MP: 9/9
  4200 | D:3      | Reached * piety under Nemelex Xobeh
  4229 | D:3      | Found a radiant altar of Vehumet.
  4242 | D:3      | Reached skill level 2 in Axes
  4266 | D:3      | Noticed Natasha
  4275 | D:3      | Killed Natasha
  4623 | D:3      | Noticed Natasha
  4646 | D:3      | Killed Natasha
  4847 | D:3      | Found a runed door.
  4851 | D:3      | Noticed Crazy Yiuf
  4857 | D:3      | Killed Crazy Yiuf
  4978 | D:5      | Entered Level 5 of the Dungeon
  5011 | D:5      | Received a gift from Nemelex Xobeh
  5218 | D:5      | Found a shattered altar of Ashenzari.
  5221 | D:5      | Found a snail-covered altar of Cheibriados.
  5222 | D:5      | Found a deep blue altar of Sif Muna.
  5259 | D:5      | Reached ** piety under Nemelex Xobeh
  5272 | D:5      | Reached skill level 3 in Axes
  5307 | D:5      | Found a stormy altar of Qazlal.
  5756 | D:6      | Gained mutation: You have a pair of antennae on your head. [demonic ancestry]
  5756 | D:6      | Reached XP level 8. HP: 64/64 MP: 11/11
  5761 | D:6      | Reached skill level 4 in Axes
  5909 | D:6      | Found a sand-covered staircase.
  5911 | D:6      | Noticed Grinder
  5912 | D:6      | Paralysed by Grinder for 7 turns
  5922 | D:6      | Killed Grinder
  5938 | Ossuary  | Entered an ossuary
  5951 | Ossuary  | Reached skill level 5 in Invocations
  6260 | Ossuary  | Reached skill level 5 in Axes
  6694 | D:6      | Noticed a hippogriff
  6706 | D:6      | Killed a hippogriff
  6740 | D:6      | Noticed Sigmund
  6754 | D:6      | Killed Sigmund
  6754 | D:6      | Reached skill level 6 in Axes
  6754 | D:6      | Reached skill level 5 in Shields
  6754 | D:6      | Reached XP level 9. HP: 56/69 MP: 13/13
  6907 | D:6      | Noticed Blork the orc
  6916 | D:6      | Killed Blork the orc
  6916 | D:6      | Reached skill level 1 in Dodging
  7149 | D:7      | Reached *** piety under Nemelex Xobeh
  7149 | D:7      | Received a gift from Nemelex Xobeh
  7207 | D:7      | You fall through a shaft for 3 floors!
  7207 | D:10     | Entered Level 10 of the Dungeon
  7250 | D:10     | Noticed a skeletal warrior
  7250 | D:10     | Noticed a skeletal warrior
  7321 | D:9      | Found Ekaur's Antique Weapon Shop.
  7323 | D:9      | Bought a steaming broad axe for 252 gold pieces
  7323 | D:9      | Identified the +2 broad axe of the Fox {pain, *Corrode rC+ SInv} (You bought it in a shop on level 9 of the Dungeon)
  7326 | D:9      | Learned a level 1 spell: Animate Skeleton
  7341 | D:9      | Found a glowing golden altar of the Shining One.
  7358 | D:9      | Found Ugymosi's Magic Scroll Shop.
  7383 | D:9      | Reached skill level 1 in Necromancy
  7438 | D:7      | Received a gift from Nemelex Xobeh
  7581 | D:7      | Reached skill level 7 in Axes
  7831 | D:7      | Reached **** piety under Nemelex Xobeh
  7855 | D:7      | Received a gift from Nemelex Xobeh
  8219 | D:8      | Received a gift from Nemelex Xobeh
  8536 | D:8      | Received a gift from Nemelex Xobeh
  8590 | D:8      | Reached skill level 8 in Axes
  8834 | D:8      | Gained mutation: Your spells are a little harder to cast, but a little more powerful. [potion of mutation]
  8834 | D:8      | Gained mutation: You are robust. (+10% HP) [potion of mutation]
  8995 | D:9      | Noticed Grum
  9003 | D:9      | Reached XP level 10. HP: 73/83 MP: 15/15
  9022 | D:9      | Killed Grum
  9382 | D:9      | Found a bloodstained altar of Trog.
  9385 | D:9      | Noticed Joseph
  9398 | D:9      | Noticed Joseph
  9398 | D:9      | Joseph changed into Joseph the soldier ant
  9399 | D:9      | Killed Joseph the soldier ant
  9594 | D:9      | Noticed a two-headed ogre
  9599 | D:9      | Killed a two-headed ogre
  9736 | D:9      | Reached skill level 9 in Axes
  9956 | D:10     | Noticed a skeletal warrior
  9956 | D:10     | Noticed a skeletal warrior
  9959 | D:10     | Noticed a skeletal warrior
 10222 | D:10     | Reached ***** piety under Nemelex Xobeh
 10222 | D:10     | Received a gift from Nemelex Xobeh
 10266 | D:10     | Found a staircase to the Orcish Mines.
 10266 | D:10     | Noticed a two-headed ogre
 10281 | D:10     | Killed a two-headed ogre
 10310 | D:10     | Noticed a cyclops
 10333 | D:10     | Killed a cyclops
 10333 | D:10     | Reached skill level 5 in Dodging
 10490 | D:10     | Reached skill level 10 in Axes
 10500 | D:10     | Reached skill level 1 in Armour
 10554 | D:10     | Noticed asthiss's ghost (novice MiFi)
 10659 | D:11     | Reached XP level 11. HP: 87/93 MP: 16/16
 10718 | D:11     | Noticed a two-headed ogre
 10738 | D:11     | Killed a two-headed ogre
 10786 | D:11     | Found a staircase to the Lair.
 10916 | D:11     | Found a flagged portal.
 10924 | Bailey   | Entered a bailey
 10976 | Bailey   | Received a gift from Nemelex Xobeh
 11138 | Bailey   | Noticed an orc warlord
 11140 | Bailey   | Noticed an orc knight
 11143 | Bailey   | Reached skill level 11 in Axes
 11164 | Bailey   | Killed an orc warlord
 11168 | Bailey   | Killed an orc knight
 11395 | D:11     | Identified a scroll of acquirement
 11453 | D:11     | Noticed an unseen horror
 11464 | D:11     | Killed an unseen horror
 12001 | Lair:1   | Entered Level 1 of the Lair of Beasts
 12402 | Lair:1   | Reached skill level 12 in Axes
 12405 | Lair:1   | Gained mutation: You frequently emit foul miasma when damaged in melee. [demonic ancestry]
 12405 | Lair:1   | Reached XP level 12. HP: 93/104 MP: 17/17
 12607 | Lair:2   | Found a hole to the Spider Nest.
 12672 | Lair:2   | Found a labyrinth entrance.
 12724 | Lab      | Entered a labyrinth
 12749 | Lab      | Received a gift from Nemelex Xobeh
 14931 | Lab      | Noticed a minotaur
 14941 | Lab      | Killed a minotaur
 14949 | Lab      | Got a steaming flail
 14974 | Lab      | Identified the cursed +2 flail of Eternal Vigilance {crush, rC+ Int+3 Dex+3} (You found it in a labyrinth)
 15049 | Lair:2   | Reached skill level 1 in Maces & Flails
 15116 | Lair:2   | Received a gift from Nemelex Xobeh
 15249 | Lair:2   | Reached skill level 10 in Fighting
 15338 | Lair:2   | Received a gift from Nemelex Xobeh
 15378 | Lair:2   | Found a staircase to the Swamp.
 15770 | Lair:3   | Received a gift from Nemelex Xobeh
 15797 | Lair:3   | Reached ****** piety under Nemelex Xobeh
 16010 | Lair:2   | Upgraded the game from 0.20.0-8-g6b59dc7 to 0.20.0-10-g0535bb4
 16196 | Lair:3   | Received a gift from Nemelex Xobeh
 16297 | Lair:3   | Reached skill level 13 in Axes
 16924 | Lair:4   | Gained mutation: You sometimes gain a little power by taking damage. [demonic ancestry]
 16924 | Lair:4   | Reached XP level 13. HP: 86/113 MP: 20/20
 16925 | Lair:4   | Reached skill level 14 in Axes
 16925 | Lair:4   | Gained mutation: You sometimes gain power by taking damage. [demonic ancestry]
 16925 | Lair:4   | Reached XP level 14. HP: 93/121 MP: 21/21
 16962 | Lair:4   | Received a gift from Nemelex Xobeh
 17029 | Lair:4   | Noticed Kirke
 17085 | Lair:4   | Reached skill level 5 in Armour
 17089 | Lair:4   | Killed Kirke
 17335 | Lair:4   | Reached skill level 10 in Invocations
 17468 | Lair:4   | Received a gift from Nemelex Xobeh
 18022 | Lair:2   | Learned a level 1 spell: Infusion
 18025 | Lair:2   | Learned a level 2 spell: Song of Slaying
 18029 | Lair:2   | Learned a level 3 spell: Regeneration
 18192 | Lair:5   | Received a gift from Nemelex Xobeh
 18690 | Lair:5   | Received a gift from Nemelex Xobeh
 18947 | Lair:5   | Reached skill level 1 in Charms
 19112 | Lair:6   | Entered Level 6 of the Lair of Beasts
 19208 | Lair:6   | Received a gift from Nemelex Xobeh
 19303 | Lair:6   | Found a staircase to the Slime Pits.
 19329 | Lair:6   | Reached skill level 15 in Axes
 19461 | Lair:6   | Received a gift from Nemelex Xobeh
 19832 | Lair:6   | Got an agate-encrusted leather armour
 19843 | Lair:6   | Identified the +1 leather armour of the Last Beds {rPois MP+9 Int+4} (You found it on level 6 of the Lair of Beasts)
 20741 | Orc:1    | Entered Level 1 of the Orcish Mines
 20944 | Orc:1    | Received a gift from Nemelex Xobeh
 21183 | Orc:2    | Entered Level 2 of the Orcish Mines
 21230 | Orc:2    | Found a staircase to the Elven Halls.
 21547 | Orc:2    | Received a gift from Nemelex Xobeh
 21581 | Orc:2    | Paralysed by an orc sorcerer for 4 turns
 21641 | Orc:2    | Found a roughly hewn altar of Beogh.
 21653 | Orc:2    | Noticed an orc warlord
 21656 | Orc:2    | Reached skill level 5 in Charms
 21656 | Orc:2    | Reached skill level 5 in Necromancy
 21666 | Orc:2    | Killed an orc warlord
 21669 | Orc:2    | Reached XP level 15. HP: 66/126 MP: 22/22
 21724 | Orc:2    | Found Kunon's Jewellery Shoppe.
 21736 | Orc:2    | Found Zaboergha's Antique Weapon Shoppe.
 21903 | Orc:2    | Found Nazayss's General Store.
 21919 | Orc:2    | Found Fuet Ser's Antique Armour Shoppe.
 22579 | D:12     | Received a gift from Nemelex Xobeh
 22764 | D:12     | Received a gift from Nemelex Xobeh
 23057 | D:12     | Received a gift from Nemelex Xobeh
 23555 | D:12     | Found a shimmering altar of Xom.
 23612 | D:13     | Received a gift from Nemelex Xobeh
 23635 | D:13     | Gained mutation: You are weak. (Str -2) [a shining eye]
 23637 | D:13     | Gained mutation: Scrolls take you a little longer to read. [a shining eye]
 23638 | D:13     | Gained mutation: You expend magic power (3 MP) to strengthen your wands. [a shining eye]
 23640 | D:13     | Lost mutation: You are weak. (Str -2) [a shining eye]
 23687 | D:13     | Found a gate to the Vaults.
 24003 | D:13     | Found a frozen archway.
 24058 | IceCv    | Entered an ice cave
 24464 | IceCv    | Received a gift from Nemelex Xobeh
 25123 | D:13     | Got a bloodstained ring mail
 25134 | D:13     | Found Johoggybia's General Store.
 25212 | D:13     | Identified the cursed +1 ring mail "Itesa" {rPois Int-4 Dex+7} (You took it off a wight on level 13 of the Dungeon)
 25878 | D:13     | Lost mutation: Scrolls take you a little longer to read. [potion of mutation]
 25878 | D:13     | Gained mutation: Your flesh is cold resistant. (rC+) [potion of mutation]
 25878 | D:13     | Gained mutation: You are agile. (Dex +2) [potion of mutation]
 26119 | D:14     | Received a gift from Nemelex Xobeh
 26815 | D:15     | Entered Level 15 of the Dungeon
 26818 | D:15     | Found a staircase to the Depths.
 26933 | D:15     | Reached skill level 10 in Armour
 27558 | D:15     | Gained mutation: You have a pair of large antennae on your head. (SInv) [demonic ancestry]
 27558 | D:15     | Reached XP level 16. HP: 90/134 MP: 23/23
 28146 | Spider:1 | Entered Level 1 of the Spider Nest
 28149 | Spider:1 | Received a gift from Nemelex Xobeh
 28192 | Spider:1 | Reached skill level 10 in Shields
 28828 | Spider:1 | Noticed esteth's ghost (adept MiBe)
 28855 | Spider:1 | Killed esteth's ghost
 29221 | Spider:1 | Received a gift from Nemelex Xobeh
 29295 | Spider:1 | Noticed Azrael
 29325 | Spider:1 | Killed Azrael
 29918 | Spider:2 | Noticed Louise
 29924 | Spider:2 | Cast into level 2 of the Abyss (Louise)
 29924 | Abyss:2  | Found a corrupted altar of Lugonu.
 29955 | Abyss:2  | Received a gift from Nemelex Xobeh
 29963 | Abyss:2  | Noticed a tentacled starspawn
 30041 | Abyss:2  | HP: 5/134 [smoke demon/divine providence (15)]
 30245 | Abyss:2  | Killed from afar by an efreet

Skill      XL: |  1  2  3  4  5  6  7  8  9 10 11 12 13 14 15 16 |
---------------+-------------------------------------------------+-----
Stealth        | 2 3 |  3.0
Polearms       | 1 2 |  2.0
Short Blades   | 1 2 3 4 |  4.0
Invocations    | 1 3 4 6 7 9 10 | 10.3
Shields        | 2 3 5 9 12 | 12.0
Axes           | 1 3 6 8 10 12 13 14 15 | 15.8
Dodging        | 3 5 |  5.1
Necromancy     | 3 5 6 |  6.0
Fighting       | 7 9 10 | 10.0
Armour         | 1 4 6 10 | 10.0
Maces & Flails | 4 |  4.6
Charms         | 5 6 |  6.0
Evocations     | |  1.0

Action                   |  1- 3 |  4- 6 |  7- 9 | 10-12 | 13-15 | 16-18 || total
-------------------------+-------+-------+-------+-------+-------+-------++-------
Melee: Spear             |    48 |       |       |       |       |       ||    48
       Dagger            |   136 |   361 |       |       |       |       ||   497
       War axe           |       |    24 |   205 |   714 |  1184 |   405 ||  2532
       Broad axe         |       |       |   142 |       |    18 |       ||   160
       Flail             |       |       |       |   148 |       |       ||   148
       Unarmed           |       |       |       |       |    11 |       ||    11
       Executioner's axe |       |       |       |       |    30 |       ||    30
Throw: Throwing net      |     2 |       |       |       |     1 |       ||     3
       Javelin           |       |       |       |     3 |       |       ||     3
Invok: Stack Five        |       |       |       |       |     1 |       ||     1
Evoke: Deck              |       |     1 |    10 |    14 |    21 |    11 ||    57
       Wand              |       |       |       |     2 |       |       ||     2
  Use: Potion            |       |     4 |     2 |     9 |    11 |     7 ||    33
       Scroll            |       |     9 |     8 |    15 |    11 |     5 ||    48
 Stab: Sleeping          |     6 |     2 |     3 |     9 |     4 |       ||    24
       Held in net/web   |     1 |       |       |       |       |       ||     1
       Distracted        |       |     1 |       |     1 |     2 |       ||     4
       Petrified         |       |       |       |     2 |     2 |       ||     4
       Petrifying        |       |       |       |       |       |     1 ||     1
  Eat: Chunk             |     1 |    10 |    14 |    17 |    15 |       ||    57
       Royal jelly       |       |       |     1 |       |     1 |       ||     2
       Fruit             |       |       |       |     8 |     4 |     4 ||    16
       Bread ration      |       |       |       |     1 |     3 |     1 ||     5
       Meat ration       |       |       |       |     1 |     1 |       ||     2
Armor: Robe              |    40 |   100 |       |       |       |       ||   140
       Leather armour    |       |    21 |   114 |     5 |       |       ||   140
       Skin              |       |    21 |       |       |       |       ||    21
       Troll leather arm |       |       |       |   165 |       |       ||   165
       Ring mail         |       |       |       |    58 |   131 |       ||   189
       Chain mail        |       |       |       |       |   332 |   257 ||   589
Dodge: Dodged            |    90 |   141 |   264 |   599 |   676 |   279 ||  2049
Block: Buckler           |       |    34 |    76 |   194 |   260 |   153 ||   717
       Shield            |       |       |       |       |    10 |     4 ||    14
